 Dungeon Crawl Stone Soup version 0.30.0-10-gfe55d96785 (webtiles) character file.

Game seed: 6681065660123202624

2 GigaChad the Firebug (level 1, 0/9 HPs)
             Began as a Vine Stalker Fire Elementalist on May 15, 2023.
             Slain by a jackal (3 damage)
             ... on level 1 of the Dungeon.
             The game lasted 00:00:29 (160 turns).

GigaChad the Firebug (VSFE)                          Turns: 160, Time: 00:00:29

Health: 0/9        AC:  2    Str: 10    XL:     1   Next: 30%
Magic:  0/4        EV: 12    Int: 15    God:
Gold:   0          SH:  0    Dex: 14    Spells: 3/4 levels left

rFire   . . .        (no weapon)
rCold   . . .        (no shield)
rNeg    . . .        a - +0 robe
rPois   .            (no helmet)
rElec   .            (no cloak)
rCorr   .            (no gloves)
SInv    .            (no boots)
Will    .....        (no amulet)
Stlth   ++           (no ring)
HPRegen 0.21/turn    (no ring)
MPRegen 0.09/turn

%: guardian spirit
@: no status effects
A: fangs 2, magic shield, antimagic bite, no potion heal 2
a: no special abilities


You were on level 1 of the Dungeon.
You visited 1 branch of the dungeon, and saw 1 of its levels.

Inventory:

Armour
 a - a +0 robe (worn)
Scrolls
 c - a scroll of magic mapping {unknown}
 d - a scroll of acquirement {unknown}
Potions
 b - a potion of magic


   Skills:
 + Level 1.5 Dodging
 + Level 2.4 Stealth
 * Level 2.1 Spellcasting
 - Level 1.1 Conjurations
 * Level 3.1 Fire Magic


You had 3 spell levels left.
You knew the following spells:

 Your Spells              Type           Power      Damage    Failure   Level
a - Foxfire               Conj/Fire      28%        2x1d5     10%         1

Your spell library contained the following spells:

 Spells                   Type           Power      Damage    Failure   Level
 Scorch                   Fire           20%        2d5       10%         2
 Inner Flame              Hex/Fire       6%         N/A       34%         3
 Volatile Blastmotes      Fire/Tloc      12%        2d11      34%         3
 Flame Wave               Conj/Fire      7%         2d5       67%         4


Dungeon Overview and Level Annotations

Branches:
Dungeon (1/15)

Altars:


Innate Abilities, Weirdness & Mutations

You have extremely sharp teeth.
When hurt, damage is shared between your health and your magic reserves.
Your bite disrupts and absorbs the magic of your enemies.
Potions cannot restore your health.


Message History

You are out of magic!
You are out of magic!
The jackal bites you but does no damage.
You are out of magic!
You hit the jackal.
The jackal is lightly wounded.
The jackal bites you. The jackal attacks as you move away!
The jackal barely misses you.
You miscast Foxfire.
You are very lightly contaminated with residual magic.
Nothing appears to happen.
The jackal bites you but does no damage. x2
The jackal attacks as you move away! The jackal bites you. x2
Things that are here:
a +0 short sword; 3 stones You are out of magic!
You hit the jackal but do no damage. Your bite misses the jackal.
The jackal is lightly wounded.
The jackal misses you. The jackal closely misses you.
You barely miss the jackal. You bite the jackal, but do no damage.
The jackal is lightly wounded.
The jackal barely misses you.
You are out of magic!
You barely miss the jackal.
The jackal is lightly wounded.
The jackal bites you.
You are too injured to fight recklessly!
You barely miss the jackal. You bite the jackal, but do no damage.
The jackal is lightly wounded.
The jackal barely misses you. x2
Your magical contamination has completely faded away.
You are too injured to fight recklessly!
You closely miss the jackal.
The jackal is lightly wounded.
The jackal closely misses you.
You are too injured to fight recklessly!
You closely miss the jackal.
The jackal is lightly wounded.
The jackal bites you.
You die...

################.
.................
########.........
#.##...... ###
##.##.##### #
#.######..##.# # #.
#.....##.###.# #.#.###
#.###.#..###.#### .....
#@###.#>......... ...
#h#........#.####
######†####g#####.#..#.#
...........h....#....#.#
#.#..#.####.###.#.#..# #
#. #.# #.#.#..# #.
#.###.#.#..# #h
#.....#.#..# #.
#######.#..#


You could see 2 jackals and a goblin.

Vanquished Creatures
  A bat (D:1)
  A kobold (D:1)
2 creatures vanquished.

Vanquished Creatures (others)
  4 foxfires (D:1)
4 creatures vanquished.

Grand Total: 6 creatures vanquished

Notes
Turn   | Place    | Note
-------+----------+-------------------------------------------
     0 | D:1      | GigaChad the Vine Stalker Fire Elementalist began the quest
                  | for the Orb.
     0 | D:1      | Reached XP level 1. HP: 9/9 MP: 4/4
   160 | D:1      | Slain by a jackal

Illustrated notes

Levels and vault maps discovered:
D:1:      sevenhm_arrival_forest_fort_large_2, layout_basic,
          nicolae_ecumenical_lake_church, minmay_tetromino_i4

Action                     || total
---------------------------++-------
  Melee: Unarmed           ||     7
         Bite              ||     2
   Cast: Foxfire           ||     6
 Armour: Robe              ||     3
  Dodge: Dodged            ||    15
